 Dungeon Crawl Stone Soup version 0.29-a0-819-g94b489e0ae (webtiles) character file.

Game seed: 7674855148777233413

121 Anon1729 the Slasher (level 4, -2/41 HPs)
             Began as a Minotaur Monk on July 6, 2022.
             Slain by an ice beast (12 damage)
             ... on level 3 of the Dungeon.
             The game lasted 00:01:21 (2241 turns).

Anon1729 the Slasher (Minotaur Monk)                Turns: 2241, Time: 00:01:22

Health: -2/41      AC:  2    Str: 15    XL:     4   Next: 77%
Magic:  3/3        EV: 13    Int:  7    God:
Gold:   38         SH:  0    Dex: 15    Spells: 3/3 levels left

rFire   . . .      SeeInvis .   k - +2 dagger (venom)
rCold   . . .      Faith    .   (no shield)
rNeg    . . .      Spirit   .   b - +0 robe
rPois   .          Reflect  .   (helmet restricted)
rElec   .          Harm     .   (no cloak)
rCorr   .          Rampage  .   (no gloves)
Will    .....                   (no boots)
Stlth   ++........              (no amulet)
HPRegen 0.13/turn               (no ring)
MPRegen 0.08/turn               (no ring)

@: no status effects
A: horns 2, retaliatory headbutt
a: no special abilities


You were on level 3 of the Dungeon.
You visited 1 branch of the dungeon, and saw 3 of its levels.

You collected 38 gold pieces.

Inventory:

Hand Weapons
 a - a +0 falchion
 k - a +2 dagger of venom (weapon)
Armour
 b - a +0 robe (worn)
Wands
 l - a wand of flame (11)
Scrolls
 d - 2 scrolls of identify {unknown}
Potions
 e - 3 potions of curing
 f - a potion of might {unknown}
 g - a potion of attraction {unknown}
 h - a potion of brilliance {unknown}
 i - a potion of degeneration {unknown}
 j - 2 potions of heal wounds {unknown}


   Skills:
 + Level 4.4 Fighting
 * Level 5.1 Long Blades
 + Level 2.1 Armour
 + Level 4.0 Dodging
 - Level 1.5 Stealth


You had 3 spell levels left.
You didn't know any spells.
Your spell library contained the following spells:

 Spells                   Type           Power      Damage    Failure   Level
 Freezing Cloud           Conj/Ice/Air   0%         6-21      100%        5
 Simulacrum               Ice/Necr       0%         N/A       100%        6
 Polar Vortex             Ice            0%         N/A       100%        9


Dungeon Overview and Level Annotations

Branches:
Dungeon (3/15)

Altars:

Shops:
D:1 :


Innate Abilities, Weirdness & Mutations

You have a pair of horns on your head.
You reflexively headbutt those who attack you in melee.


Message History

You see here 5 stones.
An ice beast is nearby!
You hit the ice beast but do no damage. The ice beast hits you.
The ice beast freezes you!
You hit the ice beast.
The ice beast is poisoned.
The ice beast is lightly wounded.
The ice beast closely misses you.
You hit the ice beast but do no damage. Your headbutt misses the ice beast.
You punch the ice beast, but do no damage.
The ice beast is lightly wounded.
The ice beast hits you. The ice beast freezes you!
You are too injured to fight recklessly!
You are too injured to fight recklessly!
You are too injured to fight recklessly!
You are too injured to fight recklessly!
You are too injured to fight recklessly!
You are too injured to fight recklessly!
You are too injured to fight recklessly!
You are too injured to fight recklessly!
You are too injured to fight recklessly!
You are too injured to fight recklessly!
You are confused.
You feel invigorated. The ice beast hits you. The ice beast freezes you!
* * * LOW HITPOINT WARNING * * *
You closely miss the ice beast. Your headbutt misses the ice beast.
The ice beast is lightly wounded.
The ice beast hits you.
* * * LOW HITPOINT WARNING * * *
The ice beast freezes you!
* * * LOW HITPOINT WARNING * * *
It was a potion of curing.
You feel better.
You feel less invigorated.
The ice beast hits you but does no damage.
Aiming: Throw Flame
Press: ? - help, Shift-Dir - straight line, f - ice beast
Aim: an ice beast (moderately wounded, poisoned, 68% to hit)
The puff of flame misses the ice beast.
The ice beast looks more healthy.
The ice beast hits you.
* * * LOW HITPOINT WARNING * * *
The ice beast freezes you!
You die...

## .. .# .# .#
##########.######
#..<....@........
#.#####..Y.....(#
# #.##.##:#.# #.#
.# #.# .# #.# .#
... .. ... ?. ...
..


You could see an ice beast.

Vanquished Creatures
  Jessica (D:2)
  Terence (D:2)
  4 adders (D:2)
  A dart slug (D:1)
  A ball python (D:2)
  5 endoplasms
  5 goblins
  2 hobgoblins (D:1)
  3 kobolds (D:2)
  3 quokkas (D:2)
  A bat (D:2)
  2 frilled lizards
  2 rats (D:1)
  A spectral goblin (D:2)
32 creatures vanquished.

Notes
Turn   | Place    | Note
-------+----------+-------------------------------------------
     0 | D:1      | Anon1729 the Minotaur Monk began the quest for the Orb.
     0 | D:1      | Reached XP level 1. HP: 19/19 MP: 0/0
    34 | D:1      | Found Syff's Vocational Training.
   440 | D:1      | Reached XP level 2. HP: 27/27 MP: 1/1
   530 | D:1      | Reached skill level 4 in Long Blades
   791 | D:2      | Reached skill level 1 in Armour
   933 | D:2      | Reached XP level 3. HP: 33/33 MP: 2/2
  1132 | D:2      | Noticed Terence
  1141 | D:2      | Killed Terence
  1350 | D:2      | Found a faded altar of an unknown god.
  1395 | D:2      | Reached XP level 4. HP: 32/40 MP: 3/3
  1903 | D:2      | Noticed Jessica
  1914 | D:2      | Killed Jessica
  1915 | D:2      | Reached skill level 5 in Long Blades
  2233 | D:3      | Noticed an ice beast
  2239 | D:3      | HP: 1/41 [ice beast (7)]
  2241 | D:3      | Slain by an ice beast

Illustrated notes

Levels and vault maps discovered:
D:1:      nzn_arrival_crosshair, layout_loops_ring, nicolae_shop_vocational
D:2:      layout_basic, dreamdust_ecumenical_altar_drowned_temple,
          minmay_pentomino_s4, uniq_terence, uniq_jessica
D:3:      layout_loops_ring, uniq_sigmund

Skill      XL: |  1  2  3  4 |
---------------+-------------+-----
Long Blades    | 4 5 |  5.1
Armour         | 1 2 |  2.1
Fighting       | 4 |  4.4
Dodging        | 4 |  4.0
Stealth        | |  1.5

Action                   |  1- 3 |  4- 6 || total
-------------------------+-------+-------++-------
Melee: Falchion          |    47 |       ||    47
       Headbutt          |    11 |     1 ||    12
       Punch             |     1 |     1 ||     2
       Dagger            |     5 |    14 ||    19
Evoke: Wand              |       |     1 ||     1
  Use: Potion            |       |     2 ||     2
 Stab: Sleeping          |     3 |     2 ||     5
Armor: Robe              |     4 |     2 ||     6
Dodge: Dodged            |    30 |     3 ||    33

Table legend: (Time is in decaauts)
 A = Elapsed time spent in this place.
 B = Non-inter-level travel time spent in this place.
 C = Inter-level travel time spent in this place.
 D = Time resting spent in this place.
 E = Time spent auto-exploring this place.
 F = Levels seen in this place.
 G = Mean time per level.
                   A        B        C        D        E       F      G
               +--------+--------+--------+--------+--------+-----+--------+
         Total |   2248 |   2205 |     43 |     92 |   1913 |   3 |  749.3 |
       Dungeon |   2248 |   2205 |     43 |     92 |   1913 |   3 |  749.3 |
               +--------+--------+--------+--------+--------+-----+--------+

Top non-repeatable levels by time:
     D:2: 1550 daAuts
     D:1: 682 daAuts
     D:3: 15 daAuts
